Map: [ESL] Babylon

Players

Astrea - Winner!

  • Race: Protoss Protoss
  • Spawn Location: 11:00

Vindicta

  • Race: Terran Terran
  • Spawn Location: 5:00

Event: ESL SC2 Masters 2023 Summer (Regionals)

VOD

Have the link to the VOD?

Description

Time

  • Played on: May 7, 2023, 2:46 p.m.
  • Length: 9:53

All games in this series

Show
View Real Time Build Order
Export as new Build Order

Astrea Protoss - Winner!

Build Orders: 1 Gate Expand, Blink Stalkers, Colossus Rush 

Get SALT Encoding   

  12  0:00  Probe  
  13  0:12  Probe  
  14  0:17  Pylon  
  14  0:24  Probe (Chrono Boost)  
  15  0:36  Probe (Chrono Boost)  
  15  0:38  Gateway  
  16  0:45  Probe (Chrono Boost)  
  16  0:46  Assimilator  
  17  0:51  Probe  
  18  1:03  Probe  
  19  1:15  Probe  
  20  1:25  Cybernetics Core  
  20  1:32  Nexus  
  20  1:36  Probe  
  21  1:42  Pylon  
  21  1:48  Probe  
  21  1:52  Assimilator  
  22  1:58  Adept (Chrono Boost)  
  22  2:00  Probe  
  23  2:02  Warp Gate  
  25  2:12  Probe  
  25  2:15  Pylon  
  26  2:19  Adept (Chrono Boost)  
  27  2:24  Probe  
  27  2:27  Twilight Council  
  29  2:37  Probe (Chrono Boost)  
  29  2:46  Probe (Chrono Boost), Gateway  
  31  2:54  Probe (Chrono Boost)  
  31  2:56  Probe (Chrono Boost)  
  31  2:58  Blink (Chrono Boost)  
  32  3:01  Probe x2 (Chrono Boost)  
  34  3:13  Probe x2  
  34  3:16  Robotics Facility  
  36  3:25  Probe x2  
  38  3:31  Pylon  
  38  3:37  Probe  
  38  3:39  Probe  
  37  3:49  Probe  
  37  3:51  Probe  
  39  4:01  Nexus, Probe  
  40  4:04  Observer  
  40  4:05  Probe  
  40  4:06  Pylon  
  42  4:13  Probe  
  42  4:14  Stalker  
  42  4:15  Stalker  
  48  4:17  Probe  
  48  4:25  Probe, Observer  
  48  4:29  Probe  
  51  4:37  Probe, Assimilator x2  
  52  4:39  Stalker x2  
  52  4:40  Observer  
  52  4:41  Probe  
  57  4:49  Probe  
  53  4:53  Probe  
  54  5:00  Robotics Bay  
  54  5:02  Probe (Chrono Boost)  
  54  5:05  Probe (Chrono Boost), Stalker x2  
  60  5:13  Probe (Chrono Boost), Pylon  
  62  5:16  Pylon  
  62  5:17  Probe (Chrono Boost)  
  62  5:20  Probe (Chrono Boost)  
  63  5:22  Probe (Chrono Boost)  
  63  5:24  Probe (Chrono Boost)  
  63  5:27  Probe x2 (Chrono Boost)  
  66  5:31  Probe, Sentry  
  66  5:33  Charge  
  70  5:38  Probe  
  70  5:39  Stalker  
  70  5:40  Probe  
  74  5:44  Probe  
  74  5:47  Colossus (Chrono Boost)  
  73  5:51  Probe, Observer  
  73  5:52  Probe  
  73  5:55  Gateway x2  
  81  5:58  Stalker  
  81  6:01  Probe  
  81  6:02  Observer  
  84  6:05  Pylon  
  84  6:06  Observer  
  84  6:10  Extended Thermal Lance, Probe  
  84  6:19  Gateway  
  84  6:20  Probe  
  84  6:22  Observer  
  84  6:23  Gateway  
  84  6:24  Pylon  
  85  6:29  Probe x2, Colossus (Chrono Boost)  
  93  6:35  Probe  
  93  6:36  Forge  
  93  6:37  Gateway  
  94  6:40  Sentry  
  94  6:41  Probe  
  94  6:42  Observer  
  94  6:46  Sentry  
  99  6:47  Probe x2  
  99  6:49  Shield Battery  
  99  6:53  Assimilator  
  101  6:55  Assimilator  
  101  6:56  Zealot x2  
  101  6:59  Probe x2  
  107  7:02  Pylon  
  106  7:20  Pylon  
  106  7:22  Pylon  
  105  7:26  Stalker x2  
  108  7:31  Protoss Ground Weapons Level 1 (Chrono Boost)  
  108  7:35  Pylon x2  
  108  7:36  Pylon  
  108  7:38  Assimilator  
  108  7:39  Zealot  
  108  7:43  Zealot x4  
  124  7:46  Disruptor (Chrono Boost)  
  121  7:52  Cybernetics Core  
  121  7:54  Gateway  
  121  7:55  Pylon  
  121  7:56  Pylon  
  121  8:00  Zealot x3  
  127  8:06  Dark Shrine, Observer  
  127  8:14  Zealot x3  
  136  8:20  Disruptor (Chrono Boost)  
  136  8:22  Photon Cannon  
  136  8:24  Observer, Photon Cannon  
  136  8:39  Zealot  
  136  8:40  Zealot x5  
  146  8:44  Warp Prism  
  148  8:51  Pylon  
  148  8:54  Nexus  
  148  9:12  Stalker x7  
  158  9:28  Probe  
  116  9:38  Stalker x7  
  116  9:40  Probe  
Show
View Real Time Build Order
Export as new Build Order

Vindicta Terran 

Build Orders: Reaper Expand 

Get SALT Encoding   

  12  0:00  SCV  
  13  0:12  SCV  
  14  0:17  Supply Depot  
  14  0:24  SCV  
  15  0:39  SCV  
  15  0:40  Barracks  
  16  0:44  Refinery  
  16  0:51  SCV  
  17  1:03  SCV  
  18  1:15  SCV  
  19  1:27  Orbital Command  
  19  1:28  Reaper  
  20  1:42  Command Center  
  20  1:53  SCV  
  21  1:59  Marine, Supply Depot  
  22  2:05  SCV  
  23  2:14  Factory  
  23  2:20  SCV  
  24  2:26  Bunker  
  24  2:27  Barracks Reactor  
  24  2:34  SCV  
  24  2:36  Refinery  
  25  2:46  SCV  
  25  3:00  Hellion  
  25  3:01  SCV  
  25  3:02  Orbital Command, Starport  
  25  3:04  Marine  
  29  3:07  Marine  
  30  3:13  SCV  
  31  3:21  Widow Mine  
  31  3:25  SCV  
  31  3:26  Marine x2  
  36  3:29  SCV  
  37  3:37  SCV  
  37  3:39  Medivac  
  37  3:41  SCV  
  41  3:43  Widow Mine  
  41  3:44  Marine  
  41  3:46  Marine  
  45  3:49  SCV  
  45  3:51  Supply Depot  
  45  3:54  Barracks  
  46  4:05  SCV  
  46  4:07  Supply Depot  
  46  4:10  Factory Tech Lab, Starport Tech Lab  
  46  4:12  Marine x2  
  46  4:13  SCV  
  47  4:17  SCV  
  48  4:25  SCV  
  48  4:26  Barracks  
  48  4:29  Raven, Siege Tank  
  54  4:31  Engineering Bay  
  54  4:34  Marine  
  54  4:35  Supply Depot  
  55  4:39  SCV  
  55  4:42  SCV  
  55  4:43  Barracks Tech Lab  
  55  4:45  Marine, Refinery  
  58  4:51  SCV  
  57  4:56  SCV  
  57  4:58  Supply Depot  
  57  5:01  Stimpack  
  57  5:03  SCV  
  57  5:04  Marine x2  
  59  5:08  SCV  
  59  5:11  Marine  
  59  5:13  Siege Tank  
  64  5:15  SCV  
  64  5:17  Refinery  
  64  5:20  SCV  
  66  5:21  Supply Depot  
  66  5:22  Marine  
  66  5:27  SCV, Combat Shield  
  68  5:28  Marine x2  
  68  5:32  SCV  
  68  5:33  Marauder  
  73  5:38  Starport Reactor, Supply Depot  
  73  5:40  SCV  
  73  5:41  Marine  
  75  5:45  SCV  
  75  5:46  Marine  
  76  5:50  Terran Infantry Weapons Level 1  
  76  5:54  Marauder x2  
  81  5:59  Marine  
  81  6:02  SCV, Supply Depot  
  82  6:04  Marine  
  83  6:16  Marauder, SCV  
  83  6:17  Command Center  
  86  6:21  Medivac  
  86  6:23  Medivac  
  91  6:27  Supply Depot  
  91  6:28  Marine x2  
  91  6:29  Siege Tank  
  91  6:31  Marine  
  96  6:34  SCV  
  96  6:37  Marauder  
  99  6:45  Concussive Shells  
  99  6:46  Marine x2  
  101  6:49  Marauder  
  101  6:52  Barracks x2  
  103  6:54  SCV  
  103  6:59  Marauder  
  106  7:03  SCV  
  106  7:04  Marine  
  108  7:09  Medivac  
  109  7:16  Medivac  
  110  7:25  Marine, SCV x2  
  110  7:26  Marauder x2  
  110  7:29  Supply Depot  
  112  7:34  Orbital Command, Marine  
  112  7:35  Supply Depot  
  113  7:37  SCV  
  113  7:38  SCV  
  113  7:39  Viking  
  117  7:47  Marauder, Barracks Reactor, Barracks Tech Lab  
  117  7:50  Supply Depot  
  119  7:52  Marine  
  119  7:54  Viking  
  119  7:57  Orbital Command  
  122  7:58  SCV  
  122  8:03  SCV  
  124  8:09  Viking  
  124  8:10  Marine  
  124  8:11  SCV  
  128  8:14  Ghost Academy  
  128  8:15  SCV  
  128  8:17  Marauder  
  128  8:23  SCV  
  128  8:26  SCV  
  129  8:27  SCV  
  129  8:30  Siege Tank  
  129  8:34  Viking  
  133  8:35  SCV  
  133  8:39  SCV  
  136  8:41  Viking  
  136  8:42  Marine, Supply Depot  
  136  8:48  Sensor Tower, Refinery  
  138  8:52  Ghost  
  138  8:55  SCV  
  142  8:57  Refinery  
  142  8:58  Ghost  
  142  9:00  SCV  
  143  9:05  Ghost  
  143  9:07  Missile Turret  
  143  9:15  SCV x2, Missile Turret  
  143  9:17  Marine  
  144  9:19  Refinery  
  144  9:21  Ghost  
  147  9:29  Marine  
  124  9:32  SCV  
  124  9:33  SCV x2  
  124  9:34  Marine  
Tags
 
Add a new tag
Caveats
  • Supply blocks, unpowered buildings, or Contaminate may cause inaccurate times.
  • Supply counts are checked every 10 seconds.